 Dungeon Crawl Stone Soup version 0.17.0-28-g6e173f8 (webtiles) character file.

63 plasmid the Sneak (level 3, -6/27 HPs)
             Began as a Vampire Assassin on Dec 2, 2015.
             Was an Initiate of Dithmenos.
             Mangled by a worm (11 damage)
             ... on level 3 of the Dungeon.
             The game lasted 00:18:38 (2059 turns).

plasmid the Sneak (Vampire Assassin)                Turns: 2059, Time: 00:18:39

Health: -6/27      AC:  3    Str: 15    XL:     3   Next: 89%
Magic:  3/3        EV: 12    Int: 13    God:    Dithmenos [......]
Gold:   139        SH:  0    Dex: 16    Spells: 0 memorised, 2 levels left

rFire  . . .     SeeInvis +     a - +3 dagger
rCold  . . .     Clarity  .     c - +0 robe
rNeg   + . .     SustAt   .     (no shield)
rPois  .         Gourm    .     (no helmet)
rElec  .         Spirit   .     k - +0 cloak
rCorr  .         Warding  .     (no gloves)
rMut   .         Stasis   .     (no boots)
MR     .....                    (no amulet)
Stlth  ++++......               (no ring)
                                (no ring)

@: mighty, not resistant to hostile enchantments, stealthy
A: fangs 3, see invisible, unbreathing
a: Bat Form, Renounce Religion


You were on level 3 of the Dungeon.
You worshipped Dithmenos.
Dithmenos was noncommittal.
You were not thirsty.

You visited 1 branch of the dungeon, and saw 3 of its levels.

You collected 139 gold pieces.

Inventory:

Hand Weapons
 a - a +3 dagger (weapon)
 b - a +0 blowgun
 m - a +0 mace
 q - a +0 long sword
Missiles
 e - 8 poisoned needles (quivered)
 f - 2 curare-tipped needles
 i - 127 stones
Armour
 c - a +0 robe (worn)
 d - a +0 cloak
 k - a +0 cloak (worn)
 s - a +0 robe
Wands
 u - a wand of digging (5)
Scrolls
 j - 2 scrolls of identify
 o - a scroll of blinking
Potions
 g - 3 potions of blood
 n - a potion of agility
 r - a potion of lignification {unknown}
 t - a potion of heal wounds {unknown}
 v - a potion of curing


   Skills:
 - Level 1.7 Fighting
 + Level 2.9 Short Blades
 - Level 1.5 Throwing
 - Level 1.1 Dodging
 * Level 7.9 Stealth


You had 2 spell levels left.
You didn't know any spells.

Dungeon Overview and Level Annotations

Branches:
Dungeon (3/15)

Altars:
Dithmenos
Gozag
Makhleb
Ru
Trog
The Shining One


Innate Abilities, Weirdness & Mutations

You have razor-sharp teeth.
You have supernaturally acute eyesight.
You can survive without breathing.


Message History

The worm is moderately wounded.
You hit the worm.
The worm is heavily wounded.
The worm bites you!
You hit the worm.
The worm is heavily wounded.
You hit the worm but do no damage.
The worm is heavily wounded.
The worm bites you!
* * * LOW HITPOINT WARNING * * *
As you read the scroll labeled XOMNAL NEXT, it crumbles to dust.
You feel blessed for a moment.
It was a scroll of remove curse.
As you read the scroll labeled SUMNETU EJEIZADAST, it crumbles to dust.
It is a scroll of enchant weapon.
Enchant which weapon? (? for menu, Esc to quit)
Your +2 dagger glows red for a moment.
It was a potion of might.
You feel very mighty all of a sudden. The worm bites you!
You die...

#.# #.# #.#..## #.# #.#
#.#..# #.# #รท# #.# #.#
#.# #.# #.##########.#
####.#..........#
.....###.############.#
###### #.###...w@.....#
#..)..##########
####..# #.....#
.....#.## ######.# ..#
##.# ###


You could see a worm.

Vanquished Creatures
  An adder (D:3)
  3 orcs (D:3)
  5 bats
  6 giant cockroaches
  10 hobgoblins
  2 jackals (D:1)
  6 kobolds
  2 giant newts (D:1)
  5 goblins
  6 rats
46 creatures vanquished.

Vanquished Creatures (others)
  14 toadstools (D:2)
14 creatures vanquished.

Grand Total: 60 creatures vanquished

Notes
Turn   | Place    | Note
--------------------------------------------------------------
     0 | D:1      | plasmid the Vampire Assassin began the quest for the Orb.
     0 | D:1      | Reached XP level 1. HP: 16/16 MP: 1/1
    69 | D:1      | Reached skill level 6 in Stealth
   138 | D:1      | Reached XP level 2. HP: 22/22 MP: 2/2
   597 | D:1      | Reached skill level 7 in Stealth
   711 | D:1      | Reached XP level 3. HP: 27/27 MP: 3/3
   911 | D:2      | Found a shadowy altar of Dithmenos.
   934 | D:2      | Became a worshipper of Dithmenos the Shadowed
  1285 | D:2      | Found a bloodstained altar of Trog.
  1303 | D:2      | Found a glowing golden altar of the Shining One.
  1306 | D:2      | Found an opulent altar of Gozag.
  1309 | D:2      | Found a sacrificial altar of Ru.
  1531 | D:3      | Found a burning altar of Makhleb.
  2059 | D:3      | Mangled by a worm

Action                   || total
-------------------------++-------
Melee: Dagger            ||   125
  Use: Scroll            ||     3
       Potion            ||     3
 Stab: Sleeping          ||    24
       Distracted        ||     1
  Eat: Corpse            ||     9
